[Event "January 9 Early 2024"]
[Site "https://www.chess.com"]
[Date "2024.01.11"]
[Round "6"]
[White "Lund, Gunnar"]
[Black "Beerdsen, Thomas"]
[Result "1/2-1/2"]
[Board "107"]
[TimeControl "180+1"]
[WhiteFideId "1520814"]
[BlackFideId "1030108"]
[WhiteElo "2665"]
[BlackElo "2848"]
[WhiteTeam "NOR"]
[BlackTeam "NED"]
[WhiteClock "0:00:12"]
[BlackClock "0:01:19"]

1. d4 Nf6 2. c4 a6 3. Nc3 b5 4. cxb5 axb5 5. Nxb5 e5 6. dxe5 Ne4 7. Nc3 Bb4 8. Bd2 Bxc3 9. Bxc3 Nxc3 10. bxc3 Nc6 11. Nf3 Qe7 12. e3 Ra3 13. Qc1 Qc5 14. Be2 Rxc3 15. Qd1 Nxe5 16. O-O O-O 17. Rc1 d6 18. Rxc3 Qxc3 19. Qc1 Qa5 20. Nxe5 dxe5 21. Bc4 Bb7 22. Rd1 g6 23. Bb3 Bc8 24. Rd5 Qb6 25. Rc5 Be6 26. Bxe6 Qxe6 27. Qc2 Ra8 28. a4 Qd6 29. Rxc7 Qb4 30. h3 Rxa4 31. Kh2 Kg7 32. Rb7 Qh4 33. g3 Qf6 34. Rb6 Qxb6 35. Qxa4 h5 36. h4 Qe6 37. Kg2 f6 38. Qa7+ Kh6 39. Qa1 g5 40. hxg5+ fxg5 41. Qa8 Kh7 42. Qb7+ Kg6 43. Qb8 h4 44. gxh4 gxh4 45. Qb4 Kh5 46. Qe4 Qg4+ 47. Qxg4+ Kxg4 48. f3+ Kg5 49. Kh3 Kh5 50. Kg2 Kg5 51. Kh3 Kh5 52. Kh2 Kh6 53. Kg2 Kg6 54. Kh3 Kg5 55. Kh2 Kf5 56. Kh3 Kg5 57. Kh2 Kf5 58. Kh3 Kg5 1/2-1/2

[Event "January 9 Early 2024"]
[Site "https://www.chess.com"]
[Date "2024.01.11"]
[Round "6"]
[White "Yelisieiev, Yevhenii"]
[Black "Marchesich, Giovanni"]
[Result "0-1"]
[Board "108"]
[TimeControl "180+1"]
[WhiteFideId "14139642"]
[BlackFideId "2824790"]
[WhiteElo "2507"]
[BlackElo "2386"]
[WhiteTeam "GER"]
[BlackTeam "ITA"]
[WhiteClock "0:00:02"]
[BlackClock "0:00:31"]

1. d4 g6 2. e4 Bg7 3. Be3 a6 4. h4 h6 5. f4 d6 6. h5 gxh5 7. Qxh5 Nf6 8. Qf3 Bg4 9. Qg3 h5 10. Nd2 Nbd7 11. Ngf3 c5 12. d5 Qa5 13. c3 O-O-O 14. a4 e6 15. dxe6 fxe6 16. e5 dxe5 17. Nc4 Qc7 18. Nfxe5 Nd5 19. Nf7 Nxc3 20. Nxd8 Rxd8 21. Bd3 Nf6 22. Bc2 Nfd5 23. O-O Ne2+ 24. Kh2 Nxg3 25. Kxg3 Nxe3 26. Nxe3 e5 27. f5 e4+ 28. Kf2 Rd2+ 29. Kg1 Bd4 30. Bxe4 Bxe3+ 31. Kh1 Qg3 32. f6 Qh4# 0-1

[Event "January 9 Early 2024"]
[Site "https://www.chess.com"]
[Date "2024.01.11"]
[Round "6"]
[White "Coca Cubillos, Jesus Alberto"]
[Black "Agrest, Inna"]
[Result "1-0"]
[Board "109"]
[TimeControl "180+1"]
[WhiteFideId "4462912"]
[BlackFideId "1708830"]
[WhiteElo "2583"]
[BlackElo "2375"]
[WhiteTeam "COL"]
[BlackTeam "SWE"]
[WhiteClock "0:01:07"]
[BlackClock "0:00:04"]

1. f4 e5 2. fxe5 d6 3. exd6 Bxd6 4. Nf3 g5 5. d4 g4 6. Ng5 Nc6 7. c3 Qe7 8. Qd3 h6 9. Ne4 Nf6 10. Nbd2 Nd5 11. g3 f5 12. Nxd6+ Qxd6 13. Bg2 Bd7 14. O-O O-O-O 15. e4 fxe4 16. Nxe4 Qg6 17. Bd2 Kb8 18. Nc5 Qxd3 19. Nxd3 Bc8 20. Rae1 a6 21. Ne5 Nxe5 22. Rxe5 Nb6 23. b3 h5 24. Rf7 Rde8 25. Bf4 Nd7 26. Ree7 Rxe7 27. Rxe7 h4 28. gxh4 Rxh4 29. Re8 Rh7 30. Be4 Rf7 31. Bg5 Nf6 32. Bxf6 Rxf6 33. Kg2 c6 34. c4 Kc7 35. d5 Bd7 36. Re7 Kd6 37. Rg7 cxd5 38. Bxd5 b5 39. Kg3 bxc4 40. bxc4 Bc8 41. Rg8 Bd7 42. Ra8 Ke5 43. Ra7 Bf5 44. a4 Bc2 45. a5 Bd1 46. Re7+ Kd6 47. Rb7 Ke5 48. Rb6 Rf1 49. Rxa6 Rg1+ 50. Kf2 1-0

[Event "January 9 Early 2024"]
[Site "https://www.chess.com"]
[Date "2024.01.11"]
[Round "6"]
[White "Chernyavsky, Alexander"]
[Black "Llorente Zaro, Alfonso"]
[Result "0-1"]
[Board "110"]
[TimeControl "180+1"]
[WhiteFideId "24131156"]
[BlackFideId "2254131"]
[WhiteElo "2445"]
[BlackElo "2694"]
[WhiteTeam "RUS"]
[BlackTeam "ESP"]
[WhiteClock "0:00:01"]
[BlackClock "0:01:01"]

1. d4 b5 2. Nf3 Bb7 3. e3 b4 4. a3 a5 5. Bd2 e6 6. Bd3 f5 7. axb4 axb4 8. Rxa8 Bxa8 9. c3 bxc3 10. bxc3 Nf6 11. O-O Bd6 12. Bc1 Qe7 13. Nbd2 O-O 14. Qc2 c5 15. Re1 Nc6 16. e4 fxe4 17. Nxe4 cxd4 18. Nxf6+ gxf6 19. cxd4 Nb4 20. Qd1 Nxd3 21. Qxd3 Rc8 22. Nh4 Qg7 23. d5 Bxd5 24. g3 Qg4 25. Qa6 Qc4 26. Qxc4 Rxc4 27. Ng2 Bb4 28. Rf1 Bf3 29. Ne3 Rc6 30. Bb2 Kf7 31. Rc1 Rxc1+ 32. Bxc1 d5 33. Kf1 e5 34. Nc2 Bc3 35. Ne1 Bd1 36. f3 Ke6 37. Kf2 f5 38. Ng2 d4 39. h3 h5 0-1

[Event "January 9 Early 2024"]
[Site "https://www.chess.com"]
[Date "2024.01.11"]
[Round "6"]
[White "Marn, Jan"]
[Black "Ghosh, Chanchal Kumer"]
[Result "1-0"]
[Board "111"]
[TimeControl "180+1"]
[WhiteFideId "14619245"]
[BlackFideId "10201858"]
[WhiteElo "2478"]
[BlackElo "2081"]
[WhiteTeam "SLO"]
[BlackTeam "BAN"]
[WhiteClock "0:00:19"]
[BlackClock "0:00:19"]

1. e4 c5 2. b4 cxb4 3. a3 e6 4. d4 bxa3 5. Bxa3 Be7 6. Nf3 Nf6 7. e5 Nd5 8. c4 Nc7 9. Bxe7 Qxe7 10. Nc3 O-O 11. Bd3 h6 12. Ne4 Nc6 13. O-O b6 14. Qe2 Ne8 15. Rfb1 Bb7 16. c5 Qd8 17. Nfd2 Nxd4 18. Qe3 Nf5 19. Qf4 f6 20. Nd6 Nfxd6 21. exd6 f5 22. Nc4 Bd5 23. Ne5 bxc5 24. Ng6 Rf6 25. Ne7+ Kf7 26. Nxd5 exd5 27. Qe5 Nxd6 28. Qxd5+ Kg6 29. Ra6 Ne4 30. Bxe4 fxe4 31. Qxe4+ Kf7 32. Qd5+ Kg6 33. g4 Rxa6 34. Qf5# 1-0

[Event "January 9 Early 2024"]
[Site "https://www.chess.com"]
[Date "2024.01.11"]
[Round "6"]
[White "Perossa, Nicolas"]
[Black "Tasev, Dejan"]
[Result "1-0"]
[Board "112"]
[TimeControl "180+1"]
[WhiteFideId "2850520"]
[BlackFideId "936618"]
[WhiteElo "2450"]
[BlackElo "2645"]
[WhiteTeam "ITA"]
[BlackTeam "SRB"]
[WhiteClock "0:00:12"]
[BlackClock "0:00:52"]

1. d4 Nf6 2. Nf3 e6 3. g3 d5 4. Bg2 Be7 5. O-O O-O 6. c4 dxc4 7. Qc2 a6 8. a4 Nc6 9. Qxc4 Nb4 10. Bf4 c6 11. Nc3 a5 12. e4 b6 13. Rfd1 Ba6 14. Qb3 Rc8 15. Ne5 Bd6 16. Be3 Qc7 17. Bg5 Be7 18. Bf4 Qa7 19. Rac1 Rfd8 20. Na2 Nxa2 21. Qxa2 Bb7 22. Qb3 c5 23. Bh3 Bxe4 24. Bxe6 Bd5 25. Bxf7+ Kh8 26. Bxd5 Rxd5 27. dxc5 Rxe5 28. Bxe5 Bxc5 29. Bxf6 gxf6 30. Qf3 Qf7 31. Kg2 Re8 32. Re1 Rd8 33. Rcd1 Rf8 34. Re4 Qa2 35. Rd2 Qf7 36. Rde2 h6 37. Qf5 Rg8 38. Rg4 Rxg4 39. Qxg4 f5 40. Qf4 Kg7 41. Qe5+ Kg6 42. Qe6+ Qxe6 43. Rxe6+ Kg7 44. f4 Bd4 45. Rc6 Bc5 46. b3 h5 47. h3 1-0

[Event "January 9 Early 2024"]
[Site "https://www.chess.com"]
[Date "2024.01.11"]
[Round "6"]
[White "Shkapenko, Pavel"]
[Black "Tan, Ralph"]
[Result "0-1"]
[Board "113"]
[TimeControl "180+1"]
[WhiteFideId "4151933"]
[BlackFideId "30966590"]
[WhiteElo "2746"]
[BlackElo "2569"]
[WhiteTeam "FID"]
[BlackTeam "USA"]
[WhiteClock "0:00:02"]
[BlackClock "0:00:22"]

1. e4 c6 2. d4 d5 3. e5 c5 4. dxc5 e6 5. a3 Bxc5 6. b4 Bb6 7. Qg4 g6 8. Nf3 h5 9. Qf4 Nc6 10. Bd3 Nh6 11. O-O Nf5 12. c4 dxc4 13. Qxc4 Ncd4 14. Nbd2 Bd7 15. Bxf5 Rc8 16. Qa2 gxf5 17. Nxd4 Bxd4 18. Nc4 Rxc4 19. Qxc4 Bxa1 20. Bf4 Bb2 21. Rb1 Bxa3 22. Qb3 Bc6 23. Qxa3 Rg8 24. b5 Bxg2 25. Bg3 Bd5 26. Kf1 h4 27. b6 axb6 28. Qa4+ Bc6 29. Qxh4 Qd3+ 30. Kg1 Qxb1# 0-1

[Event "January 9 Early 2024"]
[Site "https://www.chess.com"]
[Date "2024.01.11"]
[Round "6"]
[White "Petrukhina, Olga"]
[Black "Viana, Valeria"]
[Result "1-0"]
[Board "114"]
[TimeControl "180+1"]
[WhiteFideId "13703935"]
[BlackFideId "8407100"]
[WhiteElo "2294"]
[BlackElo "2087"]
[WhiteTeam "KAZ"]
[BlackTeam "HON"]
[WhiteClock "0:00:33"]
[BlackClock "0:00:02"]

1. d4 Nf6 2. c4 e6 3. g3 d5 4. Nf3 Bb4+ 5. Bd2 Bxd2+ 6. Nbxd2 O-O 7. Bg2 c6 8. O-O Nbd7 9. Qc2 Re8 10. e4 dxe4 11. Nxe4 Nxe4 12. Qxe4 Nf6 13. Qe2 Qc7 14. c5 b6 15. Ne5 Bb7 16. b4 Rad8 17. Rfd1 Nd5 18. Qb2 f6 19. Nc4 Ba6 20. Nd6 Re7 21. Rac1 Bc8 22. Re1 a5 23. a3 axb4 24. axb4 bxc5 25. bxc5 Ba6 26. Bh3 f5 27. Re5 Nf6 28. Rce1 Bc8 29. Bxf5 Nd5 30. Bxe6+ Bxe6 31. Rxe6 Rxe6 32. Rxe6 1-0

[Event "January 9 Early 2024"]
[Site "https://www.chess.com"]
[Date "2024.01.11"]
[Round "6"]
[White "Liascovich, Lucas"]
[Black "Gubajdullin, Alexei"]
[Result "1/2-1/2"]
[Board "115"]
[TimeControl "180+1"]
[WhiteFideId "108634"]
[BlackFideId "4141202"]
[WhiteElo "2905"]
[BlackElo "2656"]
[WhiteTeam "ARG"]
[BlackTeam "RUS"]
[WhiteClock "0:00:52"]
[BlackClock "0:00:15"]

1. e4 e5 2. Nf3 Nf6 3. Nc3 Bb4 4. Nxe5 O-O 5. Be2 Re8 6. Nd3 Bxc3 7. dxc3 Nxe4 8. O-O d6 9. Re1 Nd7 10. c4 Ndf6 11. Bf3 b6 12. Bf4 Bb7 13. c3 Qd7 14. Qc2 Qf5 15. Be3 g5 16. h3 h5 17. Bxe4 Bxe4 18. Rad1 g4 19. h4 Nd7 20. Qd2 Ne5 21. Nxe5 Rxe5 22. Bd4 Re6 23. Qg5+ Qxg5 24. hxg5 Rae8 25. b4 h4 26. Re3 Kh7 27. Rde1 Kg6 28. Bf6 Bd3 29. c5 Rxe3 30. Rxe3 Rxe3 31. fxe3 dxc5 32. bxc5 bxc5 33. Kf2 a6 34. a3 c6 35. Be7 c4 36. Bd8 Kf5 37. g6 g3+ 38. Ke1 fxg6 39. Bxh4 Kg4 40. Be7 Kf5 41. Bd6 Kg4 42. Bc7 g5 43. Bd6 Kh4 44. Bc7 Kg4 45. Bd6 Kh4 46. Bc7 Kg4 1/2-1/2

[Event "January 9 Early 2024"]
[Site "https://www.chess.com"]
[Date "2024.01.11"]
[Round "6"]
[White "Demchenko, Anton"]
[Black "Rakitin, Daniil"]
[Result "1-0"]
[Board "116"]
[TimeControl "180+1"]
[WhiteFideId "4160258"]
[BlackFideId "24219762"]
[WhiteElo "2931"]
[BlackElo "2685"]
[WhiteTeam "SLO"]
[BlackTeam "RUS"]
[WhiteClock "0:00:51"]
[BlackClock "0:00:01"]

1. e4 e5 2. Nf3 Nf6 3. Nxe5 Nxe4 4. Qe2 Qe7 5. Qxe4 d6 6. d4 dxe5 7. dxe5 Nc6 8. Nc3 Qxe5 9. Qxe5+ Nxe5 10. Nb5 Bb4+ 11. Bd2 Bxd2+ 12. Kxd2 Kd8 13. Re1 Nc6 14. Bc4 a6 15. Nc3 f6 16. f4 Bd7 17. Re3 Re8 18. Rhe1 Rxe3 19. Rxe3 Ne7 20. Rd3 Kc8 21. h3 Rb8 22. g4 b5 23. Bf7 Rb6 24. Ne4 Be6 25. Bxe6+ Rxe6 26. Nc5 Rc6 27. b4 a5 28. a3 axb4 29. axb4 Ng6 30. Ke3 Nf8 31. f5 Rd6 32. Ra3 Kb8 33. Ra5 c6 34. Ra6 h6 35. h4 h5 36. gxh5 Rd5 37. Ke4 Rd6 38. c3 Kc8 39. Ra8+ 1-0

[Event "January 9 Early 2024"]
[Site "https://www.chess.com"]
[Date "2024.01.11"]
[Round "6"]
[White "Caspi, Israel"]
[Black "Ibarra Jerez, Jose Carlos"]
[Result "0-1"]
[Board "117"]
[TimeControl "180+1"]
[WhiteFideId "2807394"]
[BlackFideId "2226332"]
[WhiteElo "2627"]
[BlackElo "2932"]
[WhiteTeam "ISR"]
[BlackTeam "ESP"]
[WhiteClock "0:00:34"]
[BlackClock "0:00:23"]

1. e4 c5 2. Nf3 e6 3. d4 cxd4 4. Nxd4 Bc5 5. Nb3 Bb6 6. Nc3 Ne7 7. Bf4 d5 8. exd5 exd5 9. Bd3 O-O 10. Qd2 Nbc6 11. O-O-O Be6 12. Kb1 Rc8 13. Na4 Bc7 14. Nac5 Ng6 15. Bxg6 hxg6 16. Nxb7 Qe7 17. Bxc7 Qxc7 18. N7c5 Bf5 19. f3 g5 20. Qxd5 Bxc2+ 21. Ka1 Bxd1 22. Qxd1 Rfd8 23. Qc1 Nd4 24. Qxg5 Nxb3+ 25. Nxb3 Qc2 26. Qc1 Qxg2 27. Qf1 Rc2 28. Qxg2 Rxg2 29. a3 Rd3 30. Nc5 Rxf3 31. h4 Rff2 32. Nd3 Rd2 33. Rh3 Rh2 34. Rg3 Rxh4 35. Ka2 Rd4 36. Nb4 Rd6 37. Re3 a5 38. Re8+ Kh7 39. Rb8 axb4 40. Rxb4 f5 41. a4 R2d4 42. Kb3 Rxb4+ 43. Kxb4 f4 44. Kc5 Rf6 0-1

[Event "January 9 Early 2024"]
[Site "https://www.chess.com"]
[Date "2024.01.11"]
[Round "6"]
[White "De Winter, Arthur"]
[Black "Kokoszczynski, Jan"]
[Result "1-0"]
[Board "118"]
[TimeControl "180+1"]
[WhiteFideId "1069020"]
[BlackFideId "1174460"]
[WhiteElo "2795"]
[BlackElo "2571"]
[WhiteTeam "NED"]
[BlackTeam "POL"]
[WhiteClock "0:01:10"]
[BlackClock "0:00:09"]

1. e4 e5 2. Nf3 Nc6 3. Bb5 a6 4. Ba4 Nf6 5. d3 b5 6. Bb3 Be7 7. a4 b4 8. Nbd2 O-O 9. O-O d6 10. h3 Na5 11. Ba2 c5 12. Re1 Be6 13. Bxe6 fxe6 14. c3 Rb8 15. d4 bxc3 16. bxc3 exd4 17. cxd4 d5 18. Ba3 c4 19. Bxe7 Qxe7 20. exd5 Nxd5 21. Rc1 Rfc8 22. Ne4 Nb3 23. Rc2 Nb4 24. Neg5 h6 25. Rxc4 Rxc4 26. Qxb3 Rc6 27. Nxe6 Qf7 28. d5 Rcb6 29. Ne5 Nxd5 30. Qxb6 Rxb6 31. Nxf7 Kxf7 32. Nc5 Rc6 33. Nd3 Rc3 34. Ne5+ Ke6 35. g3 Kd6 36. Nf7+ Kd7 37. Rd1 Ke6 38. Nd8+ Kd6 39. Nb7+ Kc6 40. Na5+ Kc5 41. Nb7+ Kc6 42. Nd8+ Kd6 43. Kg2 Ra3 44. Rd4 Kc5 45. Ne6+ Kd6 46. Nf4 Ke5 47. Rxd5+ Ke4 48. Ra5 g5 49. Nd5 h5 50. Nf6+ Kd4 51. Nxh5 g4 52. hxg4 Ke4 53. Rxa6 Ra1 54. g5 Kd3 55. g6 Re1 56. g7 Re8 57. Nf6 1-0

[Event "January 9 Early 2024"]
[Site "https://www.chess.com"]
[Date "2024.01.11"]
[Round "6"]
[White "Hambleton, Aman"]
[Black "Yurasov, Matfey"]
[Result "1-0"]
[Board "119"]
[TimeControl "180+1"]
[WhiteFideId "2606577"]
[BlackFideId "55617603"]
[WhiteElo "2766"]
[BlackElo "2550"]
[WhiteTeam "CAN"]
[BlackTeam "FID"]
[WhiteClock "0:00:07"]
[BlackClock "0:00:07"]

1. d4 Nf6 2. c4 c6 3. Nc3 d5 4. e3 Bf5 5. Nf3 e6 6. Bd3 Bg6 7. O-O Nbd7 8. Bxg6 hxg6 9. Qd3 Bd6 10. e4 dxe4 11. Nxe4 Nxe4 12. Qxe4 Qc7 13. h3 O-O-O 14. c5 Be7 15. Bf4 Qa5 16. b4 Qa6 17. a4 Qc4 18. Ne5 Nxe5 19. Qxe5 Kd7 20. Qc7+ Ke8 21. Qxb7 Qd5 22. b5 g5 23. Bc7 Rd7 24. bxc6 Rxc7 25. Qxc7 Qxd4 26. Rad1 Qxc5 27. Rd8+ Bxd8 28. Qd7+ Kf8 29. Qxd8# 1-0

[Event "January 9 Early 2024"]
[Site "https://www.chess.com"]
[Date "2024.01.11"]
[Round "6"]
[White "Martinez, Shawn"]
[Black "Khumalo, Keith"]
[Result "0-1"]
[Board "120"]
[TimeControl "180+1"]
[WhiteFideId "2039770"]
[BlackFideId "14319470"]
[WhiteElo "2446"]
[BlackElo "2692"]
[WhiteTeam "USA"]
[BlackTeam "RSA"]
[WhiteClock "0:00:22"]
[BlackClock "0:00:54"]

1. e4 c5 2. Nc3 g6 3. Bc4 Bg7 4. Qf3 e6 5. Nb5 d6 6. Qg3 e5 7. Qb3 Nh6 8. Qd3 Ke7 9. a4 Nc6 10. c3 a6 11. Na3 f5 12. Bd5 Be6 13. Nf3 Bxd5 14. Qxd5 Qg8 15. Nc4 Qxd5 16. exd5 Nd8 17. Nb6 Rb8 18. a5 e4 19. Ng5 Bf6 20. h4 Ng4 21. f3 Ne5 22. fxe4 h6 23. Nf3 Nd3+ 24. Ke2 fxe4 25. Ne1 Nf4+ 26. Kd1 Nf7 27. g3 Nh5 28. Rg1 Ne5 29. d4 cxd4 30. cxd4 Ng4 31. Nc2 Nf2+ 32. Ke2 Nd3 33. Ke3 Nxc1 34. Raxc1 g5 35. Kxe4 gxh4 36. g4 Ng3+ 37. Kd3 Bg5 38. Rce1+ Kf7 39. Ne3 Rhe8 40. Nec4 Bf4 41. Ref1 Nxf1 42. Rxf1 Kg6 43. Rxf4 Kg5 44. Rf1 h3 45. Nxd6 Rf8 46. Ne4+ Kxg4 47. Rh1 Rf3+ 48. Ke2 Re8 49. Rg1+ Kf4 50. d6 Rxe4+ 51. Kd2 Rxd4+ 52. Kc2 Rxd6 0-1

[Event "January 9 Early 2024"]
[Site "https://www.chess.com"]
[Date "2024.01.11"]
[Round "6"]
[White "Karavade, Eesha"]
[Black "Tarhan, Adar"]
[Result "0-1"]
[Board "121"]
[TimeControl "180+1"]
[WhiteFideId "5012600"]
[BlackFideId "34544712"]
[WhiteElo "2484"]
[BlackElo "2689"]
[WhiteTeam "IND"]
[BlackTeam "TUR"]
[WhiteClock "0:00:22"]
[BlackClock "0:00:12"]

1. d4 Nf6 2. Nf3 g6 3. Bf4 Bg7 4. Nc3 d5 5. h4 Bg4 6. Ne5 Be6 7. Qd2 h5 8. e3 c6 9. Be2 Nbd7 10. f3 Qb6 11. O-O-O Rc8 12. Nxd7 Nxd7 13. e4 dxe4 14. fxe4 Nf6 15. d5 cxd5 16. exd5 Bf5 17. Bb5+ Nd7 18. Rhe1 O-O 19. Bxd7 Bxd7 20. Rxe7 Bf5 21. Be5 Bxe5 22. Rxe5 Qf6 23. Qd4 b5 24. Re3 Qd6 25. Rd2 Rc4 26. Nxb5 Qb4 27. Qf6 Qxb5 28. d6 Rfc8 29. c3 Rf4 30. Rd1 Rf2 0-1

[Event "January 9 Early 2024"]
[Site "https://www.chess.com"]
[Date "2024.01.11"]
[Round "6"]
[White "Barbot, Pierre"]
[Black "Saim, Mohamed Ilias"]
[Result "1-0"]
[Board "122"]
[TimeControl "180+1"]
[WhiteFideId "663727"]
[BlackFideId "7900465"]
[WhiteElo "2298"]
[BlackElo "2099"]
[WhiteTeam "FRA"]
[BlackTeam "ALG"]
[WhiteClock "0:00:19"]
[BlackClock "0:00:25"]

1. d4 Nf6 2. Nf3 c5 3. d5 e6 4. c4 exd5 5. cxd5 b5 6. Bf4 d6 7. e3 a6 8. a4 Qa5+ 9. Nbd2 b4 10. Nc4 Qd8 11. a5 g6 12. Be2 Nh5 13. Bg5 Be7 14. Bxe7 Qxe7 15. Nb6 Qb7 16. Nxa8 Qxa8 17. O-O O-O 18. Bc4 Ng7 19. Nd2 Nd7 20. Ne4 Qb8 21. Qe2 Re8 22. Nd2 Ne5 23. Bxa6 Bf5 24. e4 Bg4 25. f3 Bd7 26. Nc4 f5 27. Nxe5 Rxe5 28. Bd3 Qa7 29. Kh1 Nh5 30. f4 Re8 31. e5 Qb7 32. Bc4 Qc7 33. a6 dxe5 34. a7 Qb7 35. fxe5 Ra8 36. e6 Be8 37. d6 Nf6 38. d7 Kg7 39. dxe8=Q Nxe8 40. Qe5+ Kg8 41. Qxc5 1-0

[Event "January 9 Early 2024"]
[Site "https://www.chess.com"]
[Date "2024.01.11"]
[Round "6"]
[White "Sethuraman, S.P."]
[Black "Tuncer, Tuna"]
[Result "1-0"]
[Board "123"]
[TimeControl "180+1"]
[WhiteFideId "5021596"]
[BlackFideId "6349269"]
[WhiteElo "2875"]
[BlackElo "2622"]
[WhiteTeam "IND"]
[BlackTeam "TUR"]
[WhiteClock "0:00:46"]
[BlackClock "0:00:05"]

1. d4 g6 2. e4 Bg7 3. Nc3 d6 4. h4 h5 5. f3 a6 6. Be3 b5 7. Qd2 Nd7 8. Nh3 Nb6 9. Ng5 e6 10. a4 b4 11. Nd1 a5 12. c3 bxc3 13. Nxc3 Nf6 14. Be2 Qe7 15. Nb5 O-O 16. Rc1 Nxa4 17. Rxc7 Qd8 18. O-O Bd7 19. Rfc1 Ne8 20. R7c2 Rb8 21. Na7 Rb7 22. Nc6 Bxc6 23. Rxc6 Rxb2 24. Qd1 Rb4 25. d5 exd5 26. Qxd5 Qf6 27. Qxa5 Qb2 28. R6c2 Qb3 29. Bd2 Bd4+ 30. Kh1 Rb8 31. Bc4 Qa3 32. Ra2 Bc3 33. Rxa3 Bxa5 34. Bxa5 Nb2 35. Bd5 Nf6 36. Ba2 Rfc8 37. Rxc8+ Rxc8 38. Bxf7+ Kg7 39. Bc3 Nd1 40. Bd4 Rc1 41. Kh2 Nf2 42. Bxf2 1-0

[Event "January 9 Early 2024"]
[Site "https://www.chess.com"]
[Date "2024.01.11"]
[Round "6"]
[White "Gruzman, Ilya"]
[Black "Niedbala, Bartlomiej"]
[Result "0-1"]
[Board "124"]
[TimeControl "180+1"]
[WhiteFideId "2812703"]
[BlackFideId "21834008"]
[WhiteElo "2428"]
[BlackElo "2683"]
[WhiteTeam "ISR"]
[BlackTeam "POL"]
[WhiteClock "0:00:01"]
[BlackClock "0:00:18"]

1. d4 Nf6 2. c4 e6 3. Nf3 d5 4. Nc3 a6 5. cxd5 exd5 6. Bf4 Bb4 7. e3 Ne4 8. Qb3 Bxc3+ 9. bxc3 g5 10. Be5 f6 11. Bg3 h5 12. h3 Nxg3 13. fxg3 Qd6 14. Bd3 Qxg3+ 15. Kf1 c6 16. Bg6+ Ke7 17. e4 dxe4 18. Re1 Kd6 19. Rxe4 Nd7 20. c4 Kc7 21. c5 Rd8 22. Re7 Kb8 23. d5 Nxc5 24. Qc2 Rxd5 25. Re8 Ka7 26. Be4 Nxe4 27. Qxe4 Rd1+ 28. Ke2 Qxg2+ 29. Kxd1 Qxh1+ 0-1

[Event "January 9 Early 2024"]
[Site "https://www.chess.com"]
[Date "2024.01.11"]
[Round "6"]
[White "Senft, Sean"]
[Black "Limontaite, Simona"]
[Result "0-1"]
[Board "125"]
[TimeControl "180+1"]
[WhiteFideId "2044960"]
[BlackFideId "12802506"]
[WhiteElo "2516"]
[BlackElo "2318"]
[WhiteTeam "USA"]
[BlackTeam "LTU"]
[WhiteClock "0:00:43"]
[BlackClock "0:00:15"]

1. d4 Nf6 2. c4 e6 3. Nc3 Bb4 4. Nf3 b6 5. Bg5 Bb7 6. e3 Bxc3+ 7. bxc3 d6 8. Bd3 Nbd7 9. Qc2 h6 10. Bh4 O-O 11. O-O Qe8 12. Nd2 e5 13. Rae1 e4 14. Be2 a5 15. f3 a4 16. Kh1 Ra5 17. d5 exf3 18. Bxf3 Qe5 19. Qd3 Nc5 20. Qe2 Nce4 21. Nxe4 Nxe4 22. Bxe4 Qxe4 23. Rf4 Qe5 24. Rg4 Qxc3 25. Rf1 f5 26. Rg6 Ba6 27. Qf3 Bxc4 28. Be1 Qe5 29. Bxa5 Bxf1 30. Bd2 Bc4 31. h3 Bxd5 32. Qh5 Bf7 33. Qxh6 Bxg6 34. Qxg6 Qf6 35. Qg3 Qa1+ 36. Be1 Qe5 37. Qf2 Re8 38. Bd2 b5 39. a3 c5 40. Kg1 Qa1+ 41. Kh2 Qe5+ 42. g3 Qe4 43. Bc3 d5 44. Qb2 d4 45. exd4 Qe2+ 46. Qxe2 Rxe2+ 47. Kg1 Re3 48. Bb2 cxd4 49. Bxd4 Rxa3 50. Kf2 Rb3 0-1

[Event "January 9 Early 2024"]
[Site "https://www.chess.com"]
[Date "2024.01.11"]
[Round "6"]
[White "Wantiez, Fabrice"]
[Black "Hamblok, Roel"]
[Result "0-1"]
[Board "126"]
[TimeControl "180+1"]
[WhiteFideId "202274"]
[BlackFideId "209317"]
[WhiteElo "2404"]
[BlackElo "2602"]
[WhiteTeam "BEL"]
[BlackTeam "BEL"]
[WhiteClock "0:00:50"]
[BlackClock "0:00:08"]

1. e4 Nf6 2. e5 Ne4 3. Nc3 Nxc3 4. dxc3 d6 5. exd6 exd6 6. Bd3 g6 7. h4 h5 8. Bg5 Be7 9. Qe2 Nc6 10. Nf3 Bg4 11. O-O-O O-O 12. Qe3 Re8 13. Rde1 Bxf3 14. Qxf3 Bxg5+ 15. hxg5 Qxg5+ 16. Kb1 Ne5 17. Qxb7 Nxd3 18. cxd3 Qd2 19. Rxe8+ Rxe8 20. Qb5 Re1+ 21. Rxe1 Qxe1+ 22. Kc2 Qxf2+ 23. Kb3 Qxg2 24. Qb8+ Kg7 25. Qxa7 Qd5+ 26. Kc2 h4 27. Qe3 Qg2+ 28. Kb3 c5 29. Qf4 Qd5+ 30. Ka3 h3 31. Qg3 Qh5 32. Qh2 d5 33. b4 d4 34. cxd4 cxd4 35. Kb3 Qd5+ 36. Ka3 Qg2 37. Qe5+ Kh7 38. Qf6 Qa8+ 39. Kb2 Qg2+ 40. Ka3 Qd5 41. Qh4+ Qh5 42. Qf6 Kg8 43. Qd8+ Kg7 44. Qxd4+ f6 45. Qg1 h2 46. Qh1 Qh3 47. Ka4 g5 48. Qb7+ Kh6 49. Qc8 Qxc8 0-1

[Event "January 9 Early 2024"]
[Site "https://www.chess.com"]
[Date "2024.01.11"]
[Round "6"]
[White "Foisor, Sabina-Francesca"]
[Black "Khegay, Yuliya"]
[Result "0-1"]
[Board "127"]
[TimeControl "180+1"]
[WhiteFideId "1212915"]
[BlackFideId "14205394"]
[WhiteElo "2432"]
[BlackElo "2225"]
[WhiteTeam "USA"]
[BlackTeam "UZB"]
[WhiteClock "0:00:08"]
[BlackClock "0:00:29"]

1. d4 d5 2. c4 e6 3. Nc3 h6 4. Bf4 Nf6 5. e3 Bd6 6. Bg3 c6 7. Nf3 O-O 8. Bd3 Bc7 9. O-O Nbd7 10. Qe2 dxc4 11. Bxc4 b5 12. Bb3 Bb7 13. Rad1 a5 14. e4 Bxg3 15. hxg3 b4 16. Na4 Ba6 17. Bc4 Bxc4 18. Qxc4 Nxe4 19. Qxc6 Ndf6 20. Rfe1 Rc8 21. Qa6 Rc2 22. Re2 Qc8 23. Qd3 Rxe2 24. Qxe2 Qc6 25. b3 Rc8 26. Ne5 Qc2 27. Re1 Qxe2 28. Rxe2 Rc1+ 29. Kh2 Rd1 30. f3 Nc3 31. Nxc3 bxc3 32. Rc2 Nd5 33. Nc6 Rd2 34. Rc1 c2 35. Nxa5 Ne3 36. Nc4 Rd1 37. Nxe3 Rxc1 38. Nxc2 Rxc2 0-1

[Event "January 9 Early 2024"]
[Site "https://www.chess.com"]
[Date "2024.01.11"]
[Round "6"]
[White "Bjerre, Jonas Buhl"]
[Black "Aronian, Levon"]
[Result "1/2-1/2"]
[Board "128"]
[TimeControl "180+1"]
[WhiteFideId "1444948"]
[BlackFideId "13300474"]
[WhiteElo "2970"]
[BlackElo "3091"]
[WhiteTeam "DEN"]
[BlackTeam "USA"]
[WhiteClock "0:00:14"]
[BlackClock "0:00:14"]

1. e4 c5 2. Nf3 e6 3. g3 Nc6 4. Bg2 Nf6 5. Nc3 a6 6. a4 d5 7. exd5 exd5 8. d4 Bg4 9. h3 Bxf3 10. Qxf3 Nxd4 11. Qd3 Qd7 12. O-O Be7 13. Bg5 Qf5 14. Qxf5 Nxf5 15. Rfe1 Kf8 16. Bxf6 Bxf6 17. Nxd5 Nd4 18. Rac1 Rb8 19. c3 Ne6 20. Rcd1 Bd8 21. h4 g6 22. Bh3 Ng7 23. b4 cxb4 24. cxb4 Nh5 25. a5 Kg7 26. Bg2 b6 27. axb6 Bxb6 28. Ra1 Nf6 29. Nxf6 Kxf6 30. Rxa6 Kg7 31. Re7 Rhd8 32. Ra2 Bd4 33. Rb7 Rxb7 34. Bxb7 Rb8 35. Bf3 Rxb4 36. Kg2 Rb2 37. Rxb2 Bxb2 38. Be2 h5 1/2-1/2

[Event "January 9 Early 2024"]
[Site "https://www.chess.com"]
[Date "2024.01.11"]
[Round "6"]
[White "Herman, Daniel"]
[Black "Yeritsyan, Hayk"]
[Result "0-1"]
[Board "129"]
[TimeControl "180+1"]
[WhiteFideId "30935008"]
[BlackFideId "13307320"]
[WhiteElo "2428"]
[BlackElo "2627"]
[WhiteTeam "USA"]
[BlackTeam "ARM"]
[WhiteClock "0:00:05"]
[BlackClock "0:00:28"]

1. e4 e6 2. d4 a6 3. Nf3 d5 4. e5 c5 5. c3 Qb6 6. a4 cxd4 7. cxd4 Nc6 8. Nc3 Bd7 9. Be2 Nge7 10. O-O Nf5 11. a5 Nxa5 12. g4 Nb3 13. gxf5 Nxa1 14. fxe6 fxe6 15. Ng5 Nb3 16. Be3 Be7 17. f4 Bxg5 18. fxg5 O-O-O 19. Rf7 Be8 20. Rxg7 Rd7 21. Rxd7 Bxd7 22. Qc2 Kb8 23. Qd3 Be8 24. Bg4 Bg6 25. Qd1 Rf8 26. h4 Na5 27. Na4 Qc6 28. Nc5 Nc4 29. Bf2 Bf5 30. Bxf5 Rxf5 31. Qh5 Nxb2 32. Qxh7 Nd1 33. Bg3 Qb5 34. Kh2 Qe2+ 35. Kh3 Qf1+ 36. Kg4 Qf3+ 37. Kh3 Nf2+ 38. Kh2 Qh1# 0-1